[Event "*** Qualifier 3: Titled Tuesday 3|2 Blitz"]
[Site "Chess.com"]
[Date "2017.04.18"]
[Round "1"]
[White "fastestmindalive"]
[Black "angieflynn"]
[Result "1-0"]
[WhiteElo "2394"]
[BlackElo "1799"]
[TimeControl "180+2"]
[EndTime "13:03:08 PDT"]
[Termination "fastestmindalive won by checkmate"]

1. e4 d5 2. exd5 Qxd5 3. Nc3 Qd6 4. g3 Nf6 5. Bg2 c6 6. d4 Bf5 7. Nf3 e6 8. O-O Qc7 9. Ne5 Bd6 10. Nc4 Nbd7 11. Nxd6+ Qxd6 12. Bf4 Qe7 13. Ne2 O-O 14. c4 c5 15. d5 exd5 16. cxd5 Nb6 17. d6 Qe6 18. Re1 Rfd8 19. Nc3 Qc4 20. Bxb7 Rab8 21. Bf3 Nbd7 22. Nd5 Rxb2 23. Ne7+ Kh8 24. Nxf5 Qc3 25. Rc1 Qb4 26. Rc2 Rb8 27. Rxb2 Qxb2 28. Qa1 Qa3 29. Bc6 Qd3 30. Bxd7 Nxd7 31. Qxg7# 1-0

[Event "*** Qualifier 3: Titled Tuesday 3|2 Blitz"]
[Site "Chess.com"]
[Date "2017.04.18"]
[Round "1"]
[White "cailinchetty"]
[Black "GamayevOleg"]
[Result "0-1"]
[WhiteElo "1936"]
[BlackElo "2402"]
[TimeControl "180+2"]
[EndTime "13:03:16 PDT"]
[Termination "GamayevOleg won by resignation"]

1. e4 d6 2. d4 Nf6 3. f3 e5 4. Be3 Be7 5. d5 c6 6. c4 cxd5 7. cxd5 O-O 8. Nc3 Nfd7 9. Qb3 Bg5 10. Bf2 a5 11. Bb5 Na6 12. Bxa6 bxa6 13. Nge2 Rb8 14. Qc2 f5 15. O-O Nb6 16. b3 Bd7 17. Qb2 Bb5 18. Nxb5 axb5 19. Nc3 Qd7 20. Qe2 b4 21. Nd1 fxe4 22. fxe4 Qc7 23. Nb2 Rbc8 24. h4 Bh6 25. g4 Bf4 26. Nd3 Nd7 27. Nxf4 exf4 28. Qd2 Ne5 29.
Kg2 Nxg4 30. Kg1 Ne5 31. Kg2 Qd7 32. Qd1 Rc3 33. Qh5 Qh3+ 34. Kg1 Nf3+ 0-1

[Event "*** Qualifier 3: Titled Tuesday 3|2 Blitz"]
[Site "Chess.com"]
[Date "2017.04.18"]
[Round "1"]
[White "Drags95"]
[Black "alekroth64"]
[Result "1-0"]
[WhiteElo "2558"]
[BlackElo "2264"]
[TimeControl "180+2"]
[EndTime "13:03:33 PDT"]
[Termination "Drags95 won by resignation"]

1. e4 e5 2. Nf3 Nc6 3. Bc4 Nf6 4.
d3 Be7 5. O-O d6 6. c3 O-O 7.
Bb3 h6 8. h3 Nh7 9. Nbd2 Ng5 10. Re1 Be6 11. d4 Bxb3 12. Qxb3 Rb8 13. d5 Na5 14.
Qa4 b6 15. b4 Nxf3+ 16. Nxf3 Nc4 17. Qb5 1-0

[Event "*** Qualifier 3: Titled Tuesday 3|2 Blitz"]
[Site "Chess.com"]
[Date "2017.04.18"]
[Round "1"]
[White "JoachimBN"]
[Black "djano"]
[Result "1-0"]
[WhiteElo "2654"]
[BlackElo "2336"]
[TimeControl "180+2"]
[EndTime "13:03:40 PDT"]
[Termination "JoachimBN won by resignation"]

1. c4 e6 2. Nc3 f5 3. d4 Nf6 4. e3 Bb4 5. Bd3 O-O 6. Ne2 b6 7. O-O Bb7 8. a3 Be7 9. b4 Qe8 10. f3 d6 11. Nf4 Bd8 12. d5 exd5 13.
cxd5 Qe5 14. Bd2 Nxd5 15. Qb3 c6 16. b5 Kh8 17. bxc6 Bxc6 18. Ncxd5 Nd7 19. Bc3 Qxe3+ 20. Nxe3 1-0

[Event "*** Qualifier 3: Titled Tuesday 3|2 Blitz"]
[Site "Chess.com"]
[Date "2017.04.18"]
[Round "1"]
[White "DariuszMikrut"]
[Black "GMSAGOR"]
[Result "0-1"]
[WhiteElo "2415"]
[BlackElo "2064"]
[TimeControl "180+2"]
[EndTime "13:03:51 PDT"]
[Termination "GMSAGOR won by resignation"]

1. d4 d5 2. c4 c6 3. Nf3 Nf6 4.
e3 a6 5. Bd3 b5 6. c5 Bg4 7. h3 Bxf3 8. Qxf3 Nbd7 9. Qd1 e5 10.
Nc3 Be7 11. Bd2 O-O 12. O-O Qc7 13. b4 a5 14. a3 axb4 15. axb4 Rfe8 16. Bf5 Nf8 17.
g3 e4 18. Bg4 Nxg4 19. Qxg4 g6 20.
Qe2 f5 21. Kg2 Ne6 22. Rfc1 Kg7 23. f3 exf3+ 24. Qxf3 Ng5 25. Qf4 Qxf4 26. exf4 Ne4 27. Nxe4 dxe4 28. Kf2 Kf7 29. Ke3 Ke6 30. g4 Kd5 31.
Bc3 Bf6 32. Bb2 Red8 33. Ra2 Rxa2 0-1

[Event "*** Qualifier 3: Titled Tuesday 3|2 Blitz"]
[Site "Chess.com"]
[Date "2017.04.18"]
[Round "1"]
[White "saraswathii"]
[Black "TomsKantans"]
[Result "0-1"]
[WhiteElo "2233"]
[BlackElo "2526"]
[TimeControl "180+2"]
[EndTime "13:03:55 PDT"]
[Termination "TomsKantans won by resignation"]

1. e4 c5 2. Nf3 Nf6 3. d3 Nc6 4. g3 g6 5. Bg2 Bg7 6. O-O O-O 7.
Qe2 e5 8. c3 Re8 9. a3 h6 10.
h4 d5 11. exd5 Nxd5 12. Nbd2 Bg4 13. Nc4 Qd7 14. Ne3 Nxe3 15. Bxe3 b6 16. Rad1 Rac8 17. Qd2 Kh7 18. Qc2 Qf5 19. Qe2 Re6 0-1

[Event "*** Qualifier 3: Titled Tuesday 3|2 Blitz"]
[Site "Chess.com"]
[Date "2017.04.18"]
[Round "1"]
[White "rithwik2002"]
[Black "scrapnel"]
[Result "0-1"]
[WhiteElo "1777"]
[BlackElo "2385"]
[TimeControl "180+2"]
[EndTime "13:04:06 PDT"]
[Termination "scrapnel won by resignation"]

1. e4 c5 2. Nf3 d6 3. d4 cxd4 4.
Nxd4 Nf6 5. Nc3 a6 6. g3 e5 7. Nb3 Bg4 8. Qd3 Nbd7 9. Bg2 b5 10. a4 b4 11. Nd5 Nxd5 12. exd5 Be7 13. O-O O-O 14.
h3 Bh5 15. a5 Bg6 16. Qe2 Qc7 17. Be4 Rfc8 18. Bxg6 hxg6 19. Be3 Qxc2 20. Qg4 Nf6 0-1

[Event "*** Qualifier 3: Titled Tuesday 3|2 Blitz"]
[Site "Chess.com"]
[Date "2017.04.18"]
[Round "1"]
[White "Lupul_Cenusiu"]
[Black "blitzcopter"]
[Result "1-0"]
[WhiteElo "2453"]
[BlackElo "2125"]
[TimeControl "180+2"]
[EndTime "13:04:08 PDT"]
[Termination "Lupul_Cenusiu won by resignation"]

1. d4 Nf6 2. Bg5 e6 3. e4 h6 4. Bxf6 Qxf6 5. Nc3 d6 6. Nf3 Qd8 7. Bd3 Be7 8. Qe2 O-O 9. h4 c5 10. dxc5 dxc5 11. O-O-O Qc7 12. e5 h5 13. Rhg1 Bd7 14.
g4 hxg4 15. Rxg4 Rd8 16. Qe4 f5 17. exf6 Bxf6 18. Rdg1 Bc6 19. Qh7+ Kf8 20. Qh8+ Ke7 21. Rxg7+ Bxg7 22. Qxg7+ 1-0

[Event "*** Qualifier 3: Titled Tuesday 3|2 Blitz"]
[Site "Chess.com"]
[Date "2017.04.18"]
[Round "1"]
[White "brauliocuarta"]
[Black "Blitzstream"]
[Result "0-1"]
[WhiteElo "2129"]
[BlackElo "2467"]
[TimeControl "180+2"]
[EndTime "13:04:11 PDT"]
[Termination "Blitzstream won by resignation"]

1. d4 Nf6 2. c4 c6 3. Nc3 d5 4. Nf3 e6 5. e3 Nbd7 6. Qc2 Bd6 7. g4 Nxg4 8. Rg1 f5 9. h3 Ngf6 10. Rxg7 Ne4 11. Bd2 Qf6 12. Rg2 Nf8 13. O-O-O Ng6 14.
Be1 Bd7 15. cxd5 exd5 16. Kb1 Nxc3+ 17. Bxc3 O-O-O 18. Bd3 f4 19. Bxg6 hxg6 20. Qxg6 Bf5+ 0-1

[Event "*** Qualifier 3: Titled Tuesday 3|2 Blitz"]
[Site "Chess.com"]
[Date "2017.04.18"]
[Round "1"]
[White "GMHess"]
[Black "MartinMatthiesen"]
[Result "1-0"]
[WhiteElo "2519"]
[BlackElo "2234"]
[TimeControl "180+2"]
[EndTime "13:04:39 PDT"]
[Termination "GMHess won by resignation"]

1. b3 e5 2. Bb2 Nc6 3. e3 Nf6 4.
Bb5 Bd6 5. Ne2 O-O 6. Ng3 Re8 7. O-O Bf8 8. e4 d6 9. h3 a6 10. Bxc6 bxc6 11. d3 Nd7 12. Nd2 Nc5 13. f4 exf4 14. Rxf4 Ne6 15. Rf1 c5 16. Nf5 g6 17. Qf3 Bd7 18.
Nh6+ 1-0

[Event "*** Qualifier 3: Titled Tuesday 3|2 Blitz"]
[Site "Chess.com"]
[Date "2017.04.18"]
[Round "1"]
[White "WanderingPuppet"]
[Black "ShimanovAlex"]
[Result "0-1"]
[WhiteElo "2300"]
[BlackElo "2594"]
[TimeControl "180+2"]
[EndTime "13:04:44 PDT"]
[Termination "ShimanovAlex won by resignation"]

1. e4 g6 2. d4 Bg7 3. Nc3 c6 4. Be2 d5 5. e5 f6 6. f4 Nh6 7.
Nf3 Bg4 8. Be3 Nf5 9. Bf2 O-O 10.
Qd2 Nd7 11. h3 Bxf3 12. Bxf3 fxe5 13. g4 Nxd4 14. Bxd4 exd4 15. Ne2 e5 16. O-O-O e4 17. Bg2 c5 18. Nc3 Nb6 19. Nxe4 dxe4 20. Bxe4 Qd7 21.
f5 gxf5 22. Bxf5 Qd6 23. Kb1 Rae8 24. Qd3 c4 25. Bxh7+ Kh8 26. Qg6 Re6 27. Qg5 Kxh7 28. h4 Qe5 29. Qc1 Rf2 30. Rde1 Re2 31. Rxe2 Qxe2 32.
Qg5 Qe4 33. Qh5+ Rh6 0-1

[Event "*** Qualifier 3: Titled Tuesday 3|2 Blitz"]
[Site "Chess.com"]
[Date "2017.04.18"]
[Round "1"]
[White "Alexander_Donchenko"]
[Black "ChristopherYoo"]
[Result "1-0"]
[WhiteElo "2537"]
[BlackElo "2256"]
[TimeControl "180+2"]
[EndTime "13:04:51 PDT"]
[Termination "Alexander_Donchenko won by resignation"]

1. d4 Nf6 2. c4 g6 3. g3 d5 4. cxd5 Nxd5 5. Bg2 Bg7 6. Nf3 c5 7. dxc5 Qa5+ 8. Nbd2 O-O 9. O-O Rd8 10. Nb3 Qc7 11.
Qc2 Na6 12. a3 Bg4 13. e4 Bxf3 14. Bxf3 Nf6 15. Bf4 e5 16. Be3 Rac8 17. Rfd1 Rxd1+ 18. Rxd1 Bf8 19. Be2 Nxc5 20. Nxc5 Bxc5 21. Bxc5 Kg7 22.
Rc1 Nd7 23. b4 b6 24. Bf8+ 1-0

[Event "*** Qualifier 3: Titled Tuesday 3|2 Blitz"]
[Site "Chess.com"]
[Date "2017.04.18"]
[Round "1"]
[White "Gulkov_Igor"]
[Black "Cayse"]
[Result "0-1"]
[WhiteElo "2327"]
[BlackElo "2631"]
[TimeControl "180+2"]
[EndTime "13:05:08 PDT"]
[Termination "Cayse won by resignation"]

1. Nf3 Nf6 2. c4 e6 3. Nc3 d5 4.
d4 Nbd7 5. cxd5 exd5 6. Bf4 Nb6 7. e3 Bd6 8. Bxd6 Qxd6 9. Qc2 c6 10. Bd3 O-O 11. h3 Re8 12. O-O Be6 13. a3 a5 14.
Rac1 Qe7 15. Na4 Nxa4 16. Qxa4 Red8 17. Qc2 g6 18. Qc5 Qxc5 19. Rxc5 Ne8 20. Rfc1 Nd6 21. Ne5 Kg7 22. h4 f6 23. Nf3 Bf5 24. Bxf5 Nxf5 25. R5c2 a4 26. g3 Nd6 27. Kg2 Ra6 28. Nd2 Rb6 29.
Rb1 Ra8 30. Kf3 Kf7 31. Ke2 Ke6 32. Kd3 Ra5 33. f3 Nf5 34. Nf1 Rb3+ 35. Ke2 Rab5 36. Kf2 Rxa3 37. g4 Nd6 38. Nd2 Ra2 39. e4 a3 0-1

[Event "*** Qualifier 3: Titled Tuesday 3|2 Blitz"]
[Site "Chess.com"]
[Date "2017.04.18"]
[Round "1"]
[White "RitvarsReimanis"]
[Black "Enzy63"]
[Result "1-0"]
[WhiteElo "2428"]
[BlackElo "2026"]
[TimeControl "180+2"]
[EndTime "13:05:29 PDT"]
[Termination "RitvarsReimanis won by resignation"]

1. d4 Nf6 2. c4 g6 3. f3 Bg7 4. e4 d6 5. Ne2 O-O 6. Be3 Nbd7 7. Nec3 c5 8. d5 a6 9. a4 Re8 10. Be2 e6 11. O-O exd5 12. cxd5 Rb8 13. Na3 Ne5 14. Qd2 Bd7 15. Bh6 Bh8 16. Bg5 b5 17. axb5 axb5 18. Naxb5 Qb6 19. Be3 Bxb5 20.
Bxb5 Rec8 21. b4 Ned7 22. bxc5 Nxc5 23. Rfb1 Ra8 24. Rxa8 Rxa8 25. Bc6 Qxb1+ 26. Nxb1 Ra1 27. Qb2 Nfd7 28. Qxh8+ Kxh8 29. Bd4+ 1-0

[Event "*** Qualifier 3: Titled Tuesday 3|2 Blitz"]
[Site "Chess.com"]
[Date "2017.04.18"]
[Round "1"]
[White "Infernal_XaM"]
[Black "RaphaeI"]
[Result "1-0"]
[WhiteElo "2719"]
[BlackElo "2377"]
[TimeControl "180+2"]
[EndTime "13:05:35 PDT"]
[Termination "Infernal_XaM won on time"]

1. Nf3 Nf6 2. b3 d6 3. Bb2 e5 4. e3 g6 5. d4 exd4 6. Nxd4 Bg7 7. Be2 O-O 8. O-O Nc6 9. Nxc6 bxc6 10. c4 a5 11. Nc3 Ne4 12. Qc1 Nxc3 13. Bxc3 Bxc3 14. Qxc3 c5 15. a3 Bb7 16. f3 Re8 17. e4 f5 18. Bd3 fxe4 19. fxe4 Bxe4 20. Bxe4 Rxe4 21.
Qd3 Re5 22. Rf2 Qd7 23. Raf1 Rae8 24. Qc3 a4 25. bxa4 Qxa4 26. Rf7 R8e7 27. Qf3 Qd7 28. Rg7+ 1-0

[Event "*** Qualifier 3: Titled Tuesday 3|2 Blitz"]
[Site "Chess.com"]
[Date "2017.04.18"]
[Round "1"]
[White "VMikhalevski"]
[Black "Rating-Schmating"]
[Result "0-1"]
[WhiteElo "2553"]
[BlackElo "2302"]
[TimeControl "180+2"]
[EndTime "13:05:45 PDT"]
[Termination "Rating-Schmating won by resignation"]

1. Nf3 Nf6 2. g3 b6 3. Bg2 Bb7 4.
O-O e6 5. c4 c5 6. b3 d6 7. Bb2 Nbd7 8. d4 cxd4 9. Qxd4 Qc7 10. Nc3 a6 11. Rac1 Be7 12. Rfd1 O-O 13. e4 Rfd8 14.
Qe3 Rac8 15. Nd4 Qb8 16. h3 Nf8 17. Nde2 Ng6 18. Rd2 Bf8 19. Rcd1 Bc6 20. Nd4 Bb7 21. Na4 Qc7 22. Rc1 Ne5 23. Ne2 Ned7 24. Bxf6 gxf6 25. Nf4 Nc5 26. Nh5 Bg7 27. Qf4 Kh8 28.
Nxc5 Qxc5 29. Nxf6 Qe5 30. Qxe5 dxe5 31. Nd7 Bh6 32.
f4 exf4 33. Rcd1 f3 34. Rd4 Be3+ 0-1

[Event "*** Qualifier 3: Titled Tuesday 3|2 Blitz"]
[Site "Chess.com"]
[Date "2017.04.18"]
[Round "1"]
[White "Cryptochess"]
[Black "peteseeger"]
[Result "1-0"]
[WhiteElo "2447"]
[BlackElo "2102"]
[TimeControl "180+2"]
[EndTime "13:06:00 PDT"]
[Termination "Cryptochess won by resignation"]

1. e4 g6 2. d4 Bg7 3. Nc3 c6 4.
Bc4 b5 5. Bb3 a5 6. a3 d6 7. Nf3 Ba6 8. h4 b4 9. axb4 axb4 10.
Na2 Qb6 11. h5 Nd7 12. Ng5 e6 13. Qf3 Ngf6 14. h6 Bf8 15. e5 dxe5 16. dxe5 Nxe5 17. Qxf6 Qb5 18. c4 bxc3 19. Nxc3 Nd3+ 20. Kd2 Qxb3 21. Qxf7+ Kd8 22. Nxe6+ 1-0

[Event "*** Qualifier 3: Titled Tuesday 3|2 Blitz"]
[Site "Chess.com"]
[Date "2017.04.18"]
[Round "1"]
[White "Rogue_King"]
[Black "GulamaliRises"]
[Result "0-1"]
[WhiteElo "2123"]
[BlackElo "2451"]
[TimeControl "180+2"]
[EndTime "13:06:09 PDT"]
[Termination "GulamaliRises won by resignation"]

1. d4 c5 2. d5 e6 3. Nc3 d6 4. e4 a6 5. a4 Nf6 6. Nf3 exd5 7.
exd5 g6 8. Bg5 Bg7 9. Be2 O-O 10. Qd2 Re8 11. h4 Bg4 12. O-O-O Nbd7 13. h5 Bxh5 14. Rxh5 gxh5 15. Rh1 b5 16. Nh4 b4 17. Nd1 Ne4 18. Bxd8 Nxd2 19. Kxd2 Raxd8 20. Nf5 Re5 21. Nde3 Nf6 22.
Bc4 a5 23. b3 Bf8 24. Kd3 Ne4 25. Ke2 Nf6 26. Kd3 Rde8 27. Rh3 Re4 28. Rf3 Ng4 29. Bb5 R8e5 30. Nxg4 hxg4 31. Ng3 gxf3 32. Nxe4 fxg2 33. Nf6+ Kg7 34. Ne8+ Rxe8 35. Bxe8 0-1

[Event "*** Qualifier 3: Titled Tuesday 3|2 Blitz"]
[Site "Chess.com"]
[Date "2017.04.18"]
[Round "1"]
[White "Keranke"]
[Black "pedromartinez91"]
[Result "1-0"]
[WhiteElo "2627"]
[BlackElo "2326"]
[TimeControl "180+2"]
[EndTime "13:06:10 PDT"]
[Termination "Keranke won on time"]

1. d4 d5 2. Bf4 e6 3. e3 Bd6 4.
Qg4 g6 5. Bxd6 Qxd6 6. Nc3 Bd7 7. O-O-O a6 8. e4 Nf6 9. Qh4 Nxe4 10. Nxe4 dxe4 11. Qxe4 Bc6 12. Qh4 Nd7 13. Ne2 h6 14.
f4 g5 15. fxg5 Qe7 16. Qf2 hxg5 17. Nc3 O-O-O 18. Be2 Nb6 19. Bf3 Bxf3 20. Qxf3 Rh4 21. Ne4 Rf4 22. Qe2 e5 23. g3 Rf5 24. Qg4 Qe6 25.
Nc5 Qg6 26. Rhf1 1-0

[Event "*** Qualifier 3: Titled Tuesday 3|2 Blitz"]
[Site "Chess.com"]
[Date "2017.04.18"]
[Round "1"]
[White "PowerThinking2650"]
[Black "Rodalquilar"]
[Result "0-1"]
[WhiteElo "2227"]
[BlackElo "2518"]
[TimeControl "180+2"]
[EndTime "13:06:13 PDT"]
[Termination "Rodalquilar won by resignation"]

1. e4 e5 2. Nf3 Nc6 3. Nc3 Nf6 4. d4 exd4 5. Nxd4 Bb4 6. Nxc6 bxc6 7. Bd3 O-O 8. O-O d5 9. exd5 cxd5 10. Bg5 c6 11. Qf3 Bd6 12. Bxf6 Qxf6 13. Qxf6 gxf6 14. Ne2 c5 15. c4 d4 16. Ng3 Rb8 17. b3 a5 18.
Nf5 Bf4 19. g3 Bd2 20. Rad1 Bc3 21. Be4 Be6 22. Rd3 Rfe8 23. Rf3 Bxc4 24. Nd6 Bxf1 25. Rxf6 d3 26. Bd5 Bxf6 0-1

[Event "*** Qualifier 3: Titled Tuesday 3|2 Blitz"]
[Site "Chess.com"]
[Date "2017.04.18"]
[Round "1"]
[White "FearNoEvil12"]
[Black "oskariot"]
[Result "0-1"]
[WhiteElo "2111"]
[BlackElo "2448"]
[TimeControl "180+2"]
[EndTime "13:06:33 PDT"]
[Termination "oskariot won by resignation"]

1. e4 c5 2. Nc3 d6 3. f4 e6 4.
Bc4 a6 5. a4 Nc6 6. Nf3 Nb4 7. d3 d5 8. Bb3 Nf6 9. Qe2 dxe4 10. dxe4 Be7 11. O-O b6 12. Be3 Bb7 13. Rad1 Qc7 14. e5 Nfd5 15. Ne4 O-O 16. Bc1 Rfd8 17.
c3 Nc6 18. Bc2 b5 19. axb5 axb5 20. Qxb5 Ba6 21. Qb3 Rdb8 22. Qxb8+ Rxb8 23. Rfe1 Bc4 24. h3 Bb3 25. Bxb3 Rxb3 26. Kh1 h6 27. Nfd2 Rb8 28. Nc4 Na5 29. Ncd6 Nb3 30. Re2 Nxc1 31. Rxc1 f5 32. exf6 Bxd6 33. fxg7 Kxg7 34. Ng3 Nxf4 35. Re4 Rf8 36. Rd1 Kh8 37. Nf1 Qc6 38. Rde1 Nd3 0-1

[Event "*** Qualifier 3: Titled Tuesday 3|2 Blitz"]
[Site "Chess.com"]
[Date "2017.04.18"]
[Round "1"]
[White "woodhy"]
[Black "penguingm1"]
[Result "1-0"]
[WhiteElo "2329"]
[BlackElo "2553"]
[TimeControl "180+2"]
[EndTime "13:06:40 PDT"]
[Termination "woodhy won by checkmate"]

1. e4 e5 2. Nf3 Nc6 3. Bb5 a6 4.
Bxc6 dxc6 5. O-O Bd6 6. c3 Ne7 7. d4 exd4 8. cxd4 Ng6 9. Nc3 O-O 10. Re1 Re8 11. h3 h6 12. Be3 b6 13. Qc2 Bb7 14.
Rad1 Qd7 15. e5 Bf8 16. Ne4 Qd5 17. Bxh6 Qxa2 18. Bg5 Be7 19. Bxe7 Rxe7 20. Neg5 Nf8 21. Nh4 Rd8 22. Nf5 Red7 23. Qe4 Qxb2 24. Qg4 Ne6 25. Nxe6 fxe6 26. Nh6+ Kh7 27. Qxe6 gxh6 28. Qf5+ Kg8 29. e6 Rg7 30. e7 Re8 31. Qd7 Kf7 32.
Qe6# 1-0

[Event "*** Qualifier 3: Titled Tuesday 3|2 Blitz"]
[Site "Chess.com"]
[Date "2017.04.18"]
[Round "1"]
[White "dhanushbharadwaj"]
[Black "ABDELAZEEZ-M"]
[Result "1-0"]
[WhiteElo "2451"]
[BlackElo "2121"]
[TimeControl "180+2"]
[EndTime "13:06:44 PDT"]
[Termination "dhanushbharadwaj won by resignation"]

1. Nf3 c5 2. c4 Nc6 3. Nc3 g6 4. e3 Bg7 5. d4 cxd4 6. exd4 d6 7.
Be2 Nf6 8. O-O O-O 9. b3 e5 10. Bb2 e4 11. Nd2 Re8 12. d5 Nd4 13. Re1 Nxe2+ 14.
Qxe2 Bg4 15. Qe3 Bf5 16. h3 h5 17. Rad1 Nd7 18. b4 a5 19. a3 axb4 20. axb4 Kh7 21. Ba1 Ne5 22. Ncxe4 Nxc4 23. Ng5+ Qxg5 24. Qxg5 Rxe1+ 25. Rxe1 Bxa1 26. Nxc4 Bc3 27. Rc1 Bxb4 28. Qe7 Kg7 29.
Qxb7 Ra2 30. Qxb4 1-0

[Event "*** Qualifier 3: Titled Tuesday 3|2 Blitz"]
[Site "Chess.com"]
[Date "2017.04.18"]
[Round "1"]
[White "Bugcrusher"]
[Black "Rock700chess"]
[Result "1-0"]
[WhiteElo "2510"]
[BlackElo "2220"]
[TimeControl "180+2"]
[EndTime "13:06:46 PDT"]
[Termination "Bugcrusher won by resignation"]

1. d4 Nf6 2. c4 e6 3. Nf3 Bb4+ 4.
Nbd2 d5 5. Qa4+ Nc6 6. e3 O-O 7.
Qc2 a6 8. a3 Ba5 9. b4 Bb6 10. c5 Ba7 11. Bd3 h6 12. O-O Bd7 13.
Bb2 Ne7 14. Ne5 c6 15. f4 Nf5 16. Rae1 Bb8 17. e4 dxe4 18. Nxe4 Nxe4 19. Bxe4 Bxe5 20. dxe5 a5 21. Qc3 Ne7 22. Rd1 Nd5 23. Bxd5 cxd5 24. f5 Ba4 25. Rd4 Bb5 26. Rf3 axb4 27. axb4 Qg5 28. h3 exf5 29. Rdf4 Rae8 30. Rxf5 Qe7 31. Rg3 Qe6 32. Rf6 d4 33. Qxd4 Qc4 34. Qe3 Qh4 35.
Rxh6 1-0

[Event "*** Qualifier 3: Titled Tuesday 3|2 Blitz"]
[Site "Chess.com"]
[Date "2017.04.18"]
[Round "1"]
[White "Malev212"]
[Black "Wolverine_master"]
[Result "1-0"]
[WhiteElo "2412"]
[BlackElo "1980"]
[TimeControl "180+2"]
[EndTime "13:06:47 PDT"]
[Termination "Malev212 won on time"]

1. e4 d5 2. exd5 Qxd5 3. Nc3 Qd6 4. g3 Nf6 5. Bg2 a6 6. Nf3 Nc6 7. O-O Bg4 8. h3 Bh5 9. d3 O-O-O 10. Re1 e5 11. Be3 Be7 12. Qd2 Nd4 13. Nxd4 exd4 14. Bxd4 Qxd4 15. Rxe7 Rhe8 16. Rae1 Rxe7 17. Rxe7 Re8 18.
Rxe8+ Nxe8 19. Qe3 Qxe3 20. fxe3 b5 21. b4 Nf6 22. Kf2 Nd7 23. Be4 Bg6 24. Bxg6 hxg6 25. Ne4 Kb7 26. Ng5 Ne5 27. d4 1-0

[Event "*** Qualifier 3: Titled Tuesday 3|2 Blitz"]
[Site "Chess.com"]
[Date "2017.04.18"]
[Round "1"]
[White "Schemato"]
[Black "Iball95"]
[Result "0-1"]
[WhiteElo "2243"]
[BlackElo "2531"]
[TimeControl "180+2"]
[EndTime "13:06:51 PDT"]
[Termination "Iball95 won by resignation"]

1. c4 c5 2. g3 Nf6 3. Bg2 d5 4. cxd5 Nxd5 5. Nc3 Nc7 6. Nf3 Nc6 7. a3 g6 8. O-O Bg7 9. Rb1 a5 10. d3 O-O 11. Be3 b6 12. Qd2 Bb7 13. Bh6 Rb8 14. Bxg7 Kxg7 15. Ne4 Ne6 16. Qc3+ Kg8 17. Rfd1 Ned4 18.
Kf1 Nxf3 19. Bxf3 Nd4 20. Bg2 Qd5 21. Nf6+ exf6 22. Bxd5 Bxd5 23. b4 axb4 24. axb4 Rbc8 25. bxc5 bxc5 26. Rb6 f5 27. Ra1 Rfe8 28. e3 Nf3 29. h4 c4 30. h5 cxd3 31. Qxd3 Bc4 32. Rd1 Bxd3+ 33. Rxd3 Kg7 34. hxg6 hxg6 35. Kg2 Ne5 36. Rd5 Rc2 37. Rbd6 Nc4 38. Rd8 Nxe3+ 39. Kf3 Nxd5 40. Rxe8 Nf6 41. Ra8 Ne4 0-1

[Event "*** Qualifier 3: Titled Tuesday 3|2 Blitz"]
[Site "Chess.com"]
[Date "2017.04.18"]
[Round "1"]
[White "Outsmiter"]
[Black "johnathan113"]
[Result "0-1"]
[WhiteElo "2091"]
[BlackElo "2447"]
[TimeControl "180+2"]
[EndTime "13:06:54 PDT"]
[Termination "johnathan113 won by resignation"]

1. e4 c5 2. Nc3 Nc6 3. f4 g6 4. Nf3 Bg7 5. Bb5 Nd4 6. a4 e6 7.
O-O Ne7 8. e5 O-O 9. d3 d6 10.
exd6 Qxd6 11. Ne4 Qc7 12. c3 Nxb5 13. axb5 b6 14. Ne5 Bb7 15. Nc4 Rfd8 16. Qe2 Bd5 17. Ra4 Qd7 18. Ne5 Qxb5 19. Ra1 Bxe4 20.
Qxe4 Bxe5 21. fxe5 Qxd3 22. Qh4 Nf5 23. Qf6 Rf8 24. g4 Ne3 25. Rf3 Qd1+ 26. Kf2 Nxg4+ 0-1

[Event "*** Qualifier 3: Titled Tuesday 3|2 Blitz"]
[Site "Chess.com"]
[Date "2017.04.18"]
[Round "1"]
[White "Konavets"]
[Black "MateusViageiro"]
[Result "1-0"]
[WhiteElo "2604"]
[BlackElo "2301"]
[TimeControl "180+2"]
[EndTime "13:06:58 PDT"]
[Termination "Konavets won on time"]

1. Nf3 Nf6 2. g3 b6 3. Bg2 Bb7 4. O-O e6 5. d3 c5 6. Nbd2 Be7 7. e4 O-O 8. Re1 d5 9. e5 Nfd7 10. Nf1 Nc6 11. h4 Rc8 12. N1h2 Qc7 13. Bf4 Rfe8 14. c3 Nf8 15. Ng5 Ng6 16. Qh5 Bxg5 17.
hxg5 Ba6 18. Rad1 d4 19. Ng4 Qe7 20. Nf6+ gxf6 21. gxf6 Nxf4 22. gxf4 Qf8 23. Be4 h6 24. Kh2 1-0

[Event "*** Qualifier 3: Titled Tuesday 3|2 Blitz"]
[Site "Chess.com"]
[Date "2017.04.18"]
[Round "1"]
[White "hsskoo"]
[Black "andreimacovei2000"]
[Result "0-1"]
[WhiteElo "1953"]
[BlackElo "2403"]
[TimeControl "180+2"]
[EndTime "13:06:58 PDT"]
[Termination "andreimacovei2000 won by resignation"]

1. d4 Nf6 2. c4 e6 3. Nc3 Bb4 4. Bd2 O-O 5. g3 d5 6. Bg2 dxc4 7. e3 Nbd7 8. Nf3 c6 9. a4 a6 10. O-O c5 11. Qc2 Qe7 12. Rad1 Rb8 13. e4 cxd4 14. Nxd4 Rd8 15. Rfe1 Ne5 16. Bg5 h6 17. Bxf6 Qxf6 18. Nde2 Nd3 19. Rf1 b5 20. f4 Qe7 21. h3 Bb7 22. axb5 axb5 23. Nxb5 Qc5+ 24. Nbd4 Rxd4 25. Nxd4 Qxd4+ 26. Kh2 Bxe4 27. Bxe4 Qxe4 28. Rf2 Nxf2 29. Qxf2 Be7 30. Qc2 Qxc2+ 0-1

[Event "*** Qualifier 3: Titled Tuesday 3|2 Blitz"]
[Site "Chess.com"]
[Date "2017.04.18"]
[Round "1"]
[White "Spartakus1975"]
[Black "evgenysharapov"]
[Result "1-0"]
[WhiteElo "2565"]
[BlackElo "2273"]
[TimeControl "180+2"]
[EndTime "13:06:59 PDT"]
[Termination "Spartakus1975 won by resignation"]

1. e4 c6 2. Nf3 d5 3. Nc3 Bg4 4.
h3 Bxf3 5. Qxf3 e6 6. d4 Nf6 7. e5 Nfd7 8. Qg3 c5 9. dxc5 Nxc5 10. Bb5+ Nc6 11. O-O Qc7 12. Be3 O-O-O 13. Bxc6 Qxc6 14. Rfd1 Kb8 15. a4 Rc8 16. b4 Nd7 17. Nb5 Nb6 18. Nxa7 Kxa7 19. a5 Kb8 20. axb6 Bxb4 21. Rdb1 Bc5 22.
Bxc5 Qxc5 23. Qb3 Qc4 24. Qa3 1-0

[Event "*** Qualifier 3: Titled Tuesday 3|2 Blitz"]
[Site "Chess.com"]
[Date "2017.04.18"]
[Round "1"]
[White "GrigorGrigorov"]
[Black "MFBerna"]
[Result "1-0"]
[WhiteElo "2472"]
[BlackElo "2156"]
[TimeControl "180+2"]
[EndTime "13:07:02 PDT"]
[Termination "GrigorGrigorov won on time"]

1. d4 Nf6 2. c4 g6 3. Nf3 Bg7 4.
g3 O-O 5. Bg2 c5 6. O-O cxd4 7.
Nxd4 Nc6 8. Nc3 d6 9. e3 Bd7 10.
b3 Rc8 11. Bb2 Nxd4 12. Qxd4 Bc6 13. Qd2 Bxg2 14. Kxg2 Qc7 15. e4 Qc6 16. f3 Nd7 17.
Nd5 Rfe8 18. Bxg7 Kxg7 19. Qd4+ f6 20. Qxa7 Nc5 21. Qb6 e6 22. Qxc6 bxc6 23. Nb4 Red8 24. Rfd1 Kf7 25. Nd3 Nd7 26. Rd2 Ke7 27. Rad1 c5 28.
Nc1 Ne5 29. Ne2 g5 30. Nc3 Rb8 31. Nb5 Nf7 32. a4 Rd7 33. Rh1 h6 34. h4 d5 35.
exd5 exd5 36. cxd5 Nd6 37. hxg5 1-0